[Event "Alef Super Stars Standard 2023"]
[Site "Almamsha"]
[Date "2023.11.27"]
[Round "1.1"]
[White "Nihal Sarin"]
[Black "Salem, A.R. Saleh"]
[Result "1-0"]
[ECO "E60"]
[WhiteElo "2692"]
[BlackElo "2635"]
[Annotator "TA"]
[PlyCount "57"]
[EventDate "2023.11.27"]
[EventType "tourn"]
[EventCountry "UAE"]
[SourceTitle "playchess.com"]
[Source "ChessBase"]
[SourceQuality "1"]
[TimeControl "40/5400+30:1800+30"]

1. d4 Nf6 2. c4 g6 3. h4 Bg7 4. Nc3 d6 5. e4 Nc6 6. d5 {[%emt 0:00:44] E60: King's Indian: Unusual lines and Fianchetto Variation without Nc3.} Ne5 7. Be2 h5 8. Nf3 {[%emt 0:00:35] The position is equal.} Nxf3+ 9. gxf3 c6 10. Be3 O-O 11. Qd2 cxd5 12. cxd5 {[%emt 0:01:42] [#]} e6 $146 ({Predecessor:} 12... a6 13. a4 e6 14. Bc4 exd5 15. Bxd5 Nxd5 16. Nxd5 Kh7 17. Bb6 Qd7 18. Bd4 Rb8 19. Bxg7 Kxg7 20. Qd4+ Kh6 21. Qe3+ Kg7 22. Qd4+ Kh6 23. Qe3+ Kg7 24. Qa7 {1-0 Ashwath,R (2340)-De Winter,A (2390) Hoogeveen op 25th 2022 (4)}) 13. dxe6 $1 Bxe6 14. Rd1 d5 {[%emt 0:16:48][%mdl 64] [#] Deflection} 15. exd5 {[%emt 0:25:51] White is more active.} Bf5 16. Kf1 Re8 17. Kg2 Rc8 18. Bb5 (18. Bxa7 b6 19. Bd3 Bxd3 20. Qxd3 Ra8 $15) 18... Bd7 19. Bxd7 (19. Bxa7 $6 b6 $11) 19... Nxd7 20. d6 ({Weaker is} 20. Bxa7 Bxc3 21. bxc3 b6 $17) 20... Bxc3 21. bxc3 Re6 22. Bg5 ({Worse is} 22. Bxa7 b6 23. Rhe1 Ra8 24. Rxe6 fxe6 25. Bxb6 Qxb6 $11) 22... Qa5 23. Rhe1 {[%emt 0:00:16] Threatens to win with Rxe6.} Rc6 $2 {[%emt 0:02:37] Black cannot hold the game after this.} (23... b6 $16 {keeps fighting.} 24. Rxe6 fxe6) 24. Rxe6 $18 fxe6 25. Qe3 Kf7 26. Rd4 {[%emt 0:00:27] [#] Black must now prevent Rf4+.} Rc5 $2 (26... e5 27. Rb4 Qa6) 27. Be7 {[%emt 0:13:10] White wants to mate with Qh6. White is clearly winning.} Rf5 28. Qh6 {[%emt 0:02:26] Qh7+ would kill now.} Qe5 29. Rc4 {[%emt 0:00:04] Weighted Error Value: White=0.03 (flawless) /Black=0.26 (precise)} 1-0

[Event "Alef Super Stars Standard 2023"]
[Site "Almamsha"]
[Date "2023.11.27"]
[Round "1.2"]
[White "Yu, Yangyi"]
[Black "Sjugirov, Sanan"]
[Result "1-0"]
[ECO "B12"]
[WhiteElo "2720"]
[BlackElo "2703"]
[Annotator "TA"]
[PlyCount "88"]
[EventDate "2023.11.27"]
[EventType "tourn"]
[EventCountry "UAE"]
[SourceTitle "playchess.com"]
[Source "ChessBase"]
[SourceQuality "1"]
[TimeControl "40/5400+30:1800+30"]

1. e4 c6 2. d4 d5 3. e5 Bf5 4. Be3 e6 5. Nd2 Qb6 6. Nb3 {[%emt 0:02:41] B12: Caro-Kann: Advance Variation.} Nd7 7. Nf3 a5 8. a4 $1 {[%emt 0:04:07] White is slightly better.} h6 9. Be2 Ne7 10. O-O Bh7 {[%emt 0:00:57] [#]} 11. Bd2 $146 ({Predecessor:} 11. g4 Qc7 12. Nh4 c5 13. dxc5 Nc6 14. f4 g5 15. Nf3 gxf4 16. Bxf4 Nxc5 17. Nbd4 {½-½ Shabalov,A (2606)-Simutowe,A (2419) Chicago op 16th 2007 (4)}) 11... Nc8 12. Ne1 Bb4 13. c3 Be7 14. Bd3 Bxd3 15. Nxd3 Qa6 16. Be3 Ncb6 17. f4 g6 18. Bf2 h5 19. Qc2 Rc8 20. h3 Qa7 21. Rfd1 Nc4 22. Nbc5 Ncb6 23. Rab1 Ra8 24. b3 Rd8 25. c4 Nxc5 26. Nxc5 Rg8 27. Qe2 Kf8 (27... dxc4 $2 28. bxc4 Bxc5 29. dxc5 $18) 28. Nd3 {[%emt 0:02:57][%cal Of4f5] White is more active. White now steadily converts the win.} Nd7 (28... dxc4 $2 29. bxc4 Nxc4 30. d5 $18) 29. Qf3 Ke8 30. Rdc1 Nb8 {[%emt 0:00:57] [#]} (30... Rh8 $142) 31. c5 (31. f5 $1 $16 {[%cal Rf5e6] And now fxe6 would win.} gxf5 32. Qxh5) 31... b6 (31... Na6 $14) 32. b4 $18 axb4 33. Rxb4 Nd7 34. cxb6 {[%emt 0:02:51][%mdl 64] Discovered Attack} Nxb6 35. Nc5 {[%emt 0:00:02] Qb3 is the strong threat.} Bxc5 (35... Nd7 $142) 36. Rxc5 {[%emt 0:00:14] Hoping for Qb3.} ({Not} 36. dxc5 Nc4 $14) 36... Kd7 $2 {[%emt 0:00:23] Black is weak on the dark squares} (36... Nc4 37. Rxc6 Kf8) 37. a5 Na8 38. Qc3 Qa6 (38... Qc7 39. Kh2 Rb8) 39. Qb3 Rc8 40. Bh4 Rc7 41. Rb8 Rcc8 42. Rxc8 Qxc8 (42... Kxc8 $142 43. Qa4 Kb7) 43. Rc1 Nc7 {[%emt 0:09:38] [#]} 44. Rxc6 $3 {[%emt 0:16:53][%mdl 512] Rd6+ would kill now.} Kxc6 {[%emt 0:00:30] An entertaining game by Yu.   Weighted Error Value: White=0.15 (very precise) /Black=0.31} (44... Qa8 45. Rd6+) 1-0

[Event "Alef Super Stars Standard 2023"]
[Site "Almamsha"]
[Date "2023.11.28"]
[Round "2.1"]
[White "Salem, A.R. Saleh"]
[Black "Sjugirov, Sanan"]
[Result "1/2-1/2"]
[ECO "E04"]
[WhiteElo "2635"]
[BlackElo "2703"]
[Annotator "TA"]
[PlyCount "50"]
[EventDate "2023.11.27"]
[EventType "tourn"]
[EventCountry "UAE"]
[SourceTitle "playchess.com"]
[Source "ChessBase"]
[SourceQuality "1"]
[TimeControl "40/5400+30:1800+30"]

1. d4 Nf6 2. c4 e6 3. Nf3 d5 4. Nc3 c6 5. g3 dxc4 6. Bg2 b5 7. O-O Bb7 8. e4 {[%emt 0:00:10] E04: Open Catalan: 5 Nf3.} Be7 9. h4 {[%emt 0:00:42] [#]} Nbd7 $146 ({Predecessor:} 9... h6 10. Re1 a6 11. b3 b4 12. Na4 c3 13. Ne5 c5 14. Nxc5 Bxc5 15. dxc5 Qxd1 16. Rxd1 {0-1 Shlyakhtenko,R (2427)-Jacobson,A (2301) Las Vegas National op 2023 (5)}) 10. e5 {[%emt 0:00:39] Black is slightly better.} Nd5 11. Ng5 Qb6 12. a4 Nxc3 (12... h6 $15 13. Nh3 b4) 13. bxc3 $11 c5 {[%emt 0:00:31] And now ...Bxg2 would win.} 14. Bxb7 Qxb7 15. axb5 cxd4 16. cxd4 Bxg5 17. Bxg5 O-O 18. Qg4 $1 Kh8 19. Ra6 (19. Rfc1 $11 {keeps the balance.}) 19... Qxb5 (19... Rfc8 $17 20. Rfa1 Nb6) 20. Rd6 $1 {[%emt 0:00:16] The position is equal.} c3 {[%emt 0:10:36] [#] ...Nb6 would be deadly.} 21. h5 $1 {[%emt 0:12:05] Strongly threatening h6.} h6 22. Bxh6 $1 gxh6 23. Qf4 Kg7 {[%emt 0:01:02] White must now prevent ...Rfc8.} 24. Qg4+ $1 Kh8 {[%emt 0:02:54] [#] aiming for ...Nb6.} 25. Qf4 Kg7 {[%emt 0:00:05] Weighted Error Value: White=0.11 (very precise) /Black=0.13 (very precise)} 1/2-1/2

[Event "Alef Super Stars Standard 2023"]
[Site "Almamsha"]
[Date "2023.11.28"]
[Round "2.2"]
[White "Nihal Sarin"]
[Black "Yu, Yangyi"]
[Result "1/2-1/2"]
[ECO "C65"]
[WhiteElo "2692"]
[BlackElo "2720"]
[Annotator "TA"]
[PlyCount "60"]
[EventDate "2023.11.27"]
[EventType "tourn"]
[EventCountry "UAE"]
[SourceTitle "playchess.com"]
[Source "ChessBase"]
[SourceQuality "1"]
[TimeControl "40/5400+30:1800+30"]

1. e4 e5 2. Nf3 Nc6 3. Bb5 Nf6 4. d3 Bc5 5. c3 O-O 6. O-O d6 7. h3 $1 {[%emt 0:04:01][%mdl 4] 7.h3 is the recent fashion.} a6 {[%emt 0:09:28] C65: Ruy Lopez: Berlin Defence (3...Nf6), unusual lines and 4 0-0 Bc5.} 8. Bxc6 bxc6 9. d4 Bb6 10. Re1 h6 {[%emt 0:04:06] Prevents Bg5.} 11. dxe5 dxe5 12. Nbd2 {[%emt 0:00:05] [#]} Re8 $146 ({Predecessor:} 12... Qd3 13. Qe2 Qxe2 14. Rxe2 Re8 15. Nc4 Nd7 16. Be3 f6 17. a4 a5 18. b4 Ba6 19. Nxb6 Nxb6 {0-1 Kaufman,R (2202)-Domalchuk Jonasson,A (2300) Titled Tuesday intern op 13th Sep Late blitz 2022 (5)}) 13. Qc2 Nh5 14. Nc4 Qf6 {[%emt 0:02:16][%cal Oc8h3] White should prevent ...Bxh3!} 15. Nxb6 (15. Nh2 {is interesting.} Qg6 16. Qd3 a5 17. Qf3) 15... cxb6 16. Qe2 c5 17. Be3 Nf4 18. Bxf4 exf4 19. Rad1 (19. e5 $5 Qg6 20. Nh4 $11) 19... Bb7 20. Nd2 Rad8 21. f3 Bc8 22. a3 Qg6 23. Kh1 Qc6 24. Kg1 (24. e5 $11) 24... Be6 $15 25. Nf1 Qa4 {[%emt 0:02:36] Threatens to win with ...Bc4.} 26. Rd2 Bc4 27. Qd1 Bb3 28. Qc1 g5 (28... Bc4 $1 $11) 29. g3 $1 $14 fxg3 30. Nxg3 Qc6 {[%emt 0:01:14] Weighted Error Value: White=0.09 (flawless) /Black=0.09 (flawless)} 1/2-1/2

[Event "Alef Super Stars Standard 2023"]
[Site "Almamsha"]
[Date "2023.11.29"]
[Round "3.1"]
[White "Yu, Yangyi"]
[Black "Salem, A.R. Saleh"]
[Result "1-0"]
[ECO "C54"]
[WhiteElo "2720"]
[BlackElo "2635"]
[Annotator "TA"]
[PlyCount "149"]
[EventDate "2023.11.27"]
[EventType "tourn"]
[EventCountry "UAE"]
[SourceTitle "playchess.com"]
[Source "ChessBase"]
[SourceQuality "1"]
[TimeControl "40/5400+30:1800+30"]

1. e4 e5 2. Nf3 Nc6 3. Bc4 Nf6 4. d3 Bc5 5. O-O O-O 6. Nbd2 d6 7. c3 a6 8. a4 $1 {[%emt 0:00:49][%mdl 4] is recently more successful than 8.Bb3. C54: Giuoco Piano: 4 c3 Nf6, main lines with 5 d4 and 5 d3.} Ba7 9. h3 h6 10. Re1 {[%emt 0:00:39] The position is equal.} Re8 11. Qb3 {[%emt 0:01:25] [#]} Be6 $146 (11... Qe7 $11 {feels stronger.}) ({Predecessor:} 11... Qd7 12. a5 b5 13. axb6 cxb6 14. Qd1 b5 15. Ba2 Bb7 16. Nf1 d5 17. exd5 Nxd5 {0-1 Chigaev,M (2631)-Nakamura,H (2750) Titled Tuesday intern op 19th Apr Late blitz 2022 (6)}) 12. Bxe6 $14 (12. Qxb7 Na5 13. Qb4 Nxc4 14. Nxc4 Rb8 $11) 12... Rxe6 13. Qxb7 Na5 {[%emt 0:00:06] Against Nc4} 14. Qb4 c5 15. Qa3 Rb8 (15... d5 $14) 16. Rb1 Re7 17. Nc4 Nxc4 18. dxc4 Qc8 ({Black should play} 18... Bb6) 19. a5 $16 Qc6 20. Nd2 Reb7 21. Ra1 ({White should try} 21. Qa2 $18) 21... Nh5 22. Qa4 Qc8 (22... Qxa4 $142 23. Rxa4 Nf4) 23. Qc2 Qe6 24. Ra4 Nf4 25. Kh2 Qd7 26. Ra3 Qe6 27. b3 Qg6 28. g3 Nh5 29. Nf3 Qf6 30. Kg2 Re8 31. Qd3 Qd8 32. Nh2 Nf6 33. Bd2 Qb8 34. Rb1 Qc7 35. Ng4 Nxg4 36. hxg4 Qc6 37. Be3 Rc8 38. Rd1 Bb8 39. Qd5 Qxd5 40. Rxd5 (40. cxd5 Bc7 $16) 40... f6 41. Kf3 Bc7 42. Bd2 {[%emt 0:01:22] White is more active.} Kf7 43. Ke2 Ke6 44. Kd3 {[%emt 0:00:00] Black is weak on the light squares} Rh8 45. b4 h5 46. gxh5 (46. bxc5 $6 hxg4 47. cxd6 Bxd6 $16) 46... Rxh5 47. Ke2 (47. bxc5 dxc5 48. Ra2 Rh1) 47... Rh1 {[%emt 0:00:00] [#]} 48. b5 $1 (48. bxc5 dxc5 49. Ra2 Rhb1 $16) 48... g6 (48... axb5 $2 49. a6 Ra7 50. cxb5) 49. b6 (49. bxa6 Ra7 $11) 49... Bd8 50. Be3 {[%emt 0:00:00] And now Bxc5 would win.} Be7 51. Rd1 Rxd1 52. Kxd1 $18 {[%emt 0:00:00][%mdl 4096] Endgame KRB-KRB} Kd7 53. Ke2 Rb8 54. Rb3 Rh8 55. Kf3 Bd8 56. Rb1 Kc6 57. Kg4 (57. b7 Bc7 $11) 57... Kb7 58. f4 {[%emt 0:02:25] Threatens to win with fxe5.} exf4 59. gxf4 ({But not} 59. Bxf4 Kc6 60. Kf3 (60. b7 Bc7 $11) 60... Be7) ({Don't take} 59. Kxf4 Rh2 $16) 59... Rh2 (59... f5+ {was necessary.} 60. exf5 Rh4+ 61. Kf3 gxf5) 60. Rd1 Kc6 {[%emt 0:00:03] [#]} 61. e5 $1 Be7 62. Rb1 Kb7 63. e6 {[%emt 0:00:13] Black must now prevent Kg3.} f5+ 64. Kg3 Rh8 65. Kg2 Bf6 (65... Re8 $142) 66. Rd1 Rd8 67. Kf3 {[%emt 0:00:31] Bd2 would be deadly.} Kc6 {[%emt 0:00:25] [#]} 68. Bd2 $1 Rh8 $2 (68... Kb7 69. Rh1 Kb8) 69. Rg1 Rh6 70. Kg2 (70. Rg3 $142 Kb7 71. Rg2) 70... Rh7 71. Kf2 Rh2+ $2 (71... Rg7 {keeps fighting.} 72. Ke2 Rg8) 72. Rg2 {[%emt 0:00:01] White is clearly winning.} Rh6 73. Kg1 {[%emt 0:00:23] aiming for Rh2.} Be7 (73... Rh8 $142 74. Rxg6 Bd8) 74. Rh2 Rxh2 75. Kxh2 {[%emt 0:00:01] Weighted Error Value: White=0.07 (flawless) /Black=0.13 (very precise)} 1-0

[Event "Alef Super Stars Standard 2023"]
[Site "Almamsha"]
[Date "2023.11.29"]
[Round "3.2"]
[White "Sjugirov, Sanan"]
[Black "Nihal Sarin"]
[Result "1/2-1/2"]
[ECO "B90"]
[WhiteElo "2703"]
[BlackElo "2692"]
[Annotator "TA"]
[PlyCount "72"]
[EventDate "2023.11.27"]
[EventType "tourn"]
[EventCountry "UAE"]
[SourceTitle "playchess.com"]
[Source "ChessBase"]
[SourceQuality "1"]
[TimeControl "40/5400+30:1800+30"]

1. e4 c5 2. Nf3 d6 3. d4 cxd4 4. Nxd4 Nf6 5. Nc3 a6 6. Be3 e5 7. Nb3 Be7 8. f3 Be6 9. Qd2 O-O 10. O-O-O Nbd7 11. g4 b5 12. g5 Nh5 13. Nd5 Bxd5 {[%emt 0:00:11] B90: Sicilian Najdorf: Unusual White 6th moves, 6 Be3 Ng4 and 6 Be3 e5.} 14. exd5 f6 {[%emt 0:00:04][%cal Rf6g5] 14...f6 scores better than 14...f5.} 15. gxf6 Bxf6 16. Na5 Qe8 17. Kb1 (17. Qb4 $5 ) 17... Bd8 18. Nb7 Bc7 19. Qc3 Qb8 (19... Rxf3 20. Qxc7 Rxe3 21. Nxd6 $18 (21. Qxd6 Kh8 $16)) 20. Qc6 Rxf3 21. Bg1 {[%emt 0:03:09] [#] aiming for Be2.} (21. Bc5 $5 ) 21... Rf4 {[%emt 0:00:36] [#]} (21... Rf6 $5) 22. Be2 $146 ({Predecessor:} 22. Bh3 Nhf6 23. Be6+ Kh8 24. Bxd7 Nxd7 25. Qxd7 Qxb7 26. Be3 Qc8 {½-½ Pietrzak,J (2431)-Kozlowski,W (2414) POL-ch65 final email 2022}) 22... Nhf6 {[%emt 0:05:50] And now ...Nf8 would win.} 23. h4 $1 e4 {[%emt 0:44:08] ...Ne5 would be deadly.} 24. Bd4 {[%emt 0:00:05] Black must now prevent Rhg1.} Rf5 (24... e3 $5 25. c3 (25. Bxe3 $2 Re4 $19) 25... Rxd4 26. cxd4 Ra7 $15) 25. Rhg1 {[%emt 0:11:44][%cal Og1g7] Rxg7+! is the strong threat.} (25. Rdf1 $5 Ne5 26. Bxe5 Rxe5 27. Rxf6 gxf6 28. Rg1+ Kh8 29. Qd7 $11) 25... Ne5 (25... Rxd5 26. Rxg7+ Kh8 27. Qxd5 Kxg7 28. Qg5+ Kf7 29. Bh5+ Nxh5 30. Qxh5+ Ke7 31. Qxh7+ Ke6 32. Qxe4+ Ne5 33. Bxe5) 26. Bxe5 Rxe5 27. Rg5 {[%emt 0:00:37] Hoping for Rxe5.} (27. Nc5 $5 Bb6 {[%mdl 64] Pin} 28. Rg5 $11 (28. Nd7 $2 Nxd7 29. Qxd7 Bxg1 $19)) 27... Re7 28. Nc5 $1 Qe8 29. Qxe8+ Nxe8 30. Ne6 Bb6 31. Rf1 {[%emt 0:00:10][%csl Ge6][%cal Rf1f8] The position is equal.} Nc7 32. Nxc7 Rxc7 33. Bg4 g6 34. h5 Kg7 35. hxg6 Be3 {[%emt 0:04:07][%mdl 64] [#] Deflection} (35... hxg6 36. Bh5 (36. Bf5 Rf7 $16) 36... Kg8 37. Rxg6+ Rg7 38. Rxd6 $18) 36. Rgf5 hxg6 {[%emt 0:01:24] An exciting game.   Weighted Error Value: White=0.09 (flawless) /Black=0.10 (very precise)} ({Much less strong is} 36... Kxg6 37. Rf6+ (37. Re1 Bd4 $11) 37... Kg5 38. Be2 $14) 1/2-1/2

[Event "Alef Super Stars Standard 2023"]
[Site "Almamsha"]
[Date "2023.11.30"]
[Round "4.1"]
[White "Salem, A.R. Saleh"]
[Black "Nihal Sarin"]
[Result "1/2-1/2"]
[WhiteElo "2635"]
[BlackElo "2692"]
[Annotator "TA"]
[PlyCount "32"]
[EventDate "2023.11.27"]
[EventType "tourn"]
[EventCountry "UAE"]
[SourceTitle "playchess.com"]
[Source "ChessBase"]
[SourceQuality "1"]
[TimeControl "40/5400+30:1800+30"]

1. d4 d5 2. c4 c6 3. Nf3 Nf6 4. g3 g6 5. Bg2 Bg7 6. O-O O-O 7. Qb3 a5 {[%emt 0:02:34] The position is equal.} 8. Rd1 {[%emt 0:00:45] D78: Fianchetto Grünfeld: 6 0-0 c6.} a4 9. Qb4 Qa5 10. Qxa5 {[%emt 1:31:19] [#] An uneventful encounter.   Weighted Error Value: White=0.00 (flawless) /Black=0.08 (flawless)} {Predecessor:} Rxa5 $146 11. Na3 Ra8 12. h3 Na6 13. cxd5 cxd5 14. Bd2 Bf5 15. Bf1 Rfc8 16. e3 Ne4 {½-½ Salem,A (2677)-Kadric,D (2601) Sharjah Masters 6th 2023 (2)} 1/2-1/2

[Event "Alef Super Stars Standard 2023"]
[Site "Almamsha"]
[Date "2023.11.30"]
[Round "4.2"]
[White "Sjugirov, Sanan"]
[Black "Yu, Yangyi"]
[Result "1/2-1/2"]
[ECO "C42"]
[WhiteElo "2703"]
[BlackElo "2720"]
[Annotator "TA"]
[PlyCount "144"]
[EventDate "2023.11.27"]
[EventType "tourn"]
[EventCountry "UAE"]
[SourceTitle "playchess.com"]
[Source "ChessBase"]
[SourceQuality "1"]
[TimeControl "40/5400+30:1800+30"]

1. e4 e5 2. Nf3 Nf6 3. Nxe5 d6 4. Nf3 Nxe4 5. d4 d5 6. Bd3 Nc6 7. O-O Be7 8. c4 Nb4 9. Be2 O-O 10. Nc3 Bf5 11. a3 Nxc3 12. bxc3 Nc6 13. Re1 Re8 14. Bf4 {[%emt 0:00:35] C42: Petroff Defence: 3 Nxe5 and unusual White 3rd moves.} dxc4 15. Bxc4 Bd6 16. Rxe8+ {[%emt 0:00:19] 16.Rxe8+ has lost popularity.} Qxe8 17. Bxd6 cxd6 18. Ng5 Bg6 19. h4 {[%emt 0:00:09] [#] Black must now prevent h5.} Qe7 20. g3 {[%emt 0:00:10] [#]} Rd8 $146 ({Predecessor:} 20... Re8 21. Nh3 Qd7 22. Nf4 Na5 23. Bf1 Be4 {½-½ Freeman,M (2529)-Helbich,J (2518) SUI-ch35 B email 2020}) 21. Bd5 h6 22. Nh3 Be4 23. Nf4 Bxd5 24. Nxd5 Qe4 25. Ne3 Rc8 26. Qh5 Ne7 27. Qb5 Qc6 28. Qxc6 Rxc6 $11 {[%emt 0:00:52][%mdl 4096] Endgame KRN-KRN} 29. Rb1 b6 30. Rb3 g5 31. hxg5 hxg5 32. Kf1 f5 33. Ke2 Kf7 34. Kd3 d5 35. a4 a6 36. Rb1 Rh6 37. c4 dxc4+ 38. Kxc4 Ke8 39. d5 f4 $1 40. gxf4 gxf4 41. Ng4 Rd6 42. Rd1 Kd8 43. Ne5 Kc8 44. Rd4 Kb7 45. Nd3 f3 46. Ne5 Rd8 47. Rd3 Rc8+ 48. Kd4 Nf5+ $1 49. Ke4 Nd6+ 50. Kxf3 Rc2 51. Rd4 a5 52. Rg4 b5 53. axb5 {[%emt 0:00:00] Threatens to win with Rg6.} Nxb5 54. Nc4 a4 55. Ne3 Ra2 56. Rb4 Kb6 57. d6 {[%emt 0:00:26] Nc4+ would be deadly.} Kc6 {[%emt 0:00:00] [#]} 58. d7 $1 Rd2 59. Nc4 {[%emt 0:02:16] Repels a3} Rxd7 (59... Rd3+ {seems wilder.} 60. Ke4 Rd4+ 61. Ke3 Rxd7 62. Ne5+ Kc5) 60. Ne5+ Kc5 61. Rxa4 (61. Nxd7+ Kxb4 62. Nb6 a3 63. Nd5+ Kb3 $19) ({Don't go for} 61. Rxb5+ $2 Kxb5 62. Nxd7 a3 $19) 61... Ra7 62. Rh4 Kd5 63. Rh5 Ke6 64. Nc4 {[%emt 0:00:33] Hoping for Re5+.} Rf7+ {[%emt 0:01:02] The position is equal.} 65. Ke4 Nc3+ 66. Kd4 Nd1 67. Re5+ Kd7 68. Rd5+ Ke7 69. Re5+ Kf8 70. Nd6 Rf4+ 71. Re4 Rxe4+ 72. Nxe4 Nxf2 {[%emt 0:00:04] Weighted Error Value: White=0.03 (flawless) /Black=0.02 (flawless)} 1/2-1/2

[Event "Alef Super Stars Standard 2023"]
[Site "Almamsha"]
[Date "2023.12.02"]
[Round "5.1"]
[White "Sjugirov, Sanan"]
[Black "Salem, A.R. Saleh"]
[Result "1-0"]
[ECO "B51"]
[WhiteElo "2703"]
[BlackElo "2635"]
[Annotator "ChessBase"]
[PlyCount "83"]
[EventDate "2023.11.27"]
[EventType "tourn"]
[EventCountry "UAE"]
[SourceTitle "playchess.com"]
[Source "ChessBase"]
[SourceQuality "1"]
[TimeControl "40/5400+30:1800+30"]

1. e4 c5 2. Nf3 d6 3. Bb5+ Nd7 4. O-O a6 5. Bd3 Ngf6 6. Re1 e6 7. Bf1 b6 8. c3 Bb7 9. d3 Be7 10. Nbd2 O-O 11. d4 cxd4 12. cxd4 Rc8 13. Bd3 Rc7 14. Nf1 d5 15. e5 Ne4 16. Ng3 Qa8 17. Qe2 Rfc8 18. Bf4 Bb4 19. Red1 Nf8 20. h4 h6 21. Nh5 Ng6 22. Be3 Bf8 23. g4 Be7 24. g5 hxg5 25. hxg5 Rc4 26. Qf1 Kf8 27. Qh3 Ke8 28. Nxg7+ Kd7 29. Nh5 Rh8 30. Qg4 Qg8 31. Bxc4 dxc4 32. d5 Ke8 33. Nf6+ Bxf6 34. exf6 Qh7 35. Kf1 Nf8 36. Ke2 c3 37. Qf4 Nd7 38. dxe6 Ng3+ 39. Qxg3 Qc2+ 40. Nd2 Be4 41. exd7+ Kxd7 42. Qg4+ 1-0

[Event "Alef Super Stars Standard 2023"]
[Site "Almamsha"]
[Date "2023.12.02"]
[Round "5.2"]
[White "Yu, Yangyi"]
[Black "Nihal Sarin"]
[Result "1/2-1/2"]
[ECO "C77"]
[WhiteElo "2720"]
[BlackElo "2692"]
[Annotator "TA"]
[PlyCount "201"]
[EventDate "2023.11.27"]
[EventType "tourn"]
[EventCountry "UAE"]
[SourceTitle "playchess.com"]
[Source "ChessBase"]
[SourceQuality "1"]
[TimeControl "40/5400+30:1800+30"]

1. e4 e5 2. Nf3 Nc6 3. Bb5 Nf6 4. d3 Bc5 5. Ba4 a6 6. c3 b5 7. Bb3 d6 8. Bg5 h6 9. Bh4 Bb6 10. a4 Rb8 (10... g5 $5 11. Bg3 (11. axb5 Na5 $15) 11... b4 $11) 11. axb5 axb5 12. Na3 Bd7 13. Nxb5 Bxf2+ 14. Bxf2 Rxb5 15. O-O Qb8 16. Nd2 O-O 17. Ba4 Ra5 18. Nc4 (18. b4 {seems wilder.} Ra8 19. Bh4 Bg4 20. Qc2) 18... Ra6 19. Kh1 Be6 20. b3 Na5 21. Nd2 c5 22. Rb1 Nc6 23. h3 Nd7 24. Nc4 Ne7 25. b4 cxb4 26. cxb4 d5 27. Na5 d4 28. Bg3 (28. Be1 $5 ) 28... f6 29. Qd2 Rc8 30. Rfc1 Rxc1+ 31. Rxc1 Rb6 32. b5 Rxb5 ({Black should try} 32... Qd6 $11) 33. Bxb5 $14 Qxb5 34. Rc7 Kh7 35. Kh2 Ng6 36. Nb7 Qb6 37. Qa5 Qxa5 38. Nxa5 h5 39. Nb7 Kg8 40. Kg1 h4 41. Bh2 Ndf8 42. Kf2 Ba2 43. Rc8 Kh7 44. Ra8 Bb3 45. Nc5 Bf7 46. Ra6 Be8 47. Ra7 Kg8 48. Kf3 Bf7 49. Ra8 Kh7 50. Ra6 $1 Ne7 51. Kg4 Nfg6 52. Ra7 Ng8 53. Kf3 ({Worse is} 53. Rxf7 Nh6+ 54. Kh5 Nxf7 $15) 53... Nh6 54. Ke2 Kg8 55. Kd2 Be8 56. Kc2 Nf8 57. Kb2 g5 58. Ra8 Kf7 59. Ra7+ ({White should play} 59. Ra6 $16) 59... Kg6 (59... Kg8 $1 $11) 60. Ra6 $16 Kg7 {[%emt 0:00:16] [#]} 61. g4 $1 Ng8 62. Ra7+ Kg6 63. Kc2 Bf7 64. Ra6 (64. Nb7 $142) 64... Kg7 $16 65. Kd2 Ne7 66. Ke2 Neg6 67. Kf3 Be8 68. Ra7+ Kg8 69. Nb7 Bd7 {[%emt 0:01:29] [#]} 70. Nd6 ({Better is} 70. Nd8 $1 $16) 70... Ne7 $1 $11 71. Ra8 Neg6 72. Rb8 Kg7 73. Rb7 Kg8 74. Ra7 Ne7 $1 75. Nc4 Kf7 76. Nb6 Ke6 77. Ra8 Nfg6 78. Ke2 Bc6 79. Rb8 Kd6 80. Nc4+ Kc7 81. Rb1 Kd7 82. Kd2 ({Much less strong is} 82. Rb6 Nc8 $16) 82... Nc8 83. Na5 Nce7 84. Rb8 Kc7 85. Rb4 Kd7 $1 86. Rb6 Nf8 87. Ra6 Ne6 88. Ra7+ Nc7 89. Nb3 Nc8 90. Ra1 Ne6 91. Rf1 Ke7 92. Ra1 Kd7 93. Ra5 Nd6 94. Ra7+ Ke8 95. Na5 Bb5 96. Nb7 Nxb7 97. Rxb7 Bd7 98. Ra7 Ke7 99. Ra5 Kd6 100. Ra6+ Ke7 101. Ra5 1/2-1/2